Get step-by-step instructions on how to execute this build order below. Start the game timer, and the build order will tick by so you can play in parallel with StarCraft on a second screen or mobile device.

Game Time

  0:00

Last Step

  N/A

Next Step

Upcoming Step



Don't want to look back and forth between 2 screens? Try out our Overwolf App, the Spawning Tool Build Advisor to get an in-game overlay with this build!

Complete Build Order

  12  0:00  SCV  
  13  0:13  SCV  
  14  0:16  Supply Depot  
  14  0:25  SCV  
  15  0:38  SCV  
  15  0:40  Barracks  
  16  0:46  Refinery  
  16  0:50  SCV  
  17  1:02  SCV  
  18  1:14  SCV  
  19  1:30  Reaper, Orbital Command  
  20  1:42  Command Center  
  20  1:55  Bunker  
  20  1:59  SCV  
  21  2:03  Barracks Reactor  
  21  2:10  Supply Depot  
  21  2:16  SCV  
  22  2:37  SCV  
  22  2:39  Marine x2  
  22  2:40  Command Center  
  25  2:46  Factory  
  25  2:50  SCV  
  26  2:57  Orbital Command  
  26  3:05  Marine x2  
  28  3:08  SCV  
  29  3:14  Refinery  
  29  3:22  SCV  
  29  3:23  SCV  
  29  3:26  Marine x2  
  33  3:29  Widow Mine  
  33  3:30  Starport  
  33  3:34  SCV  
  36  3:35  SCV  
  37  3:46  SCV, Marine x2  
  37  3:47  SCV  
  41  3:55  Widow Mine, Orbital Command  
  43  3:58  SCV  
  44  4:04  SCV  
  44  4:07  Refinery  
  44  4:08  Starport Tech Lab  
  45  4:10  SCV  
  45  4:12  Marine  
  45  4:13  Supply Depot  
  45  4:16  SCV  
  48  4:19  Factory Tech Lab  
  48  4:22  SCV x2  
  50  4:26  Raven  
  50  4:28  SCV  
  53  4:34  SCV x2, Marine x2  
  57  4:40  Supply Depot  
  57  4:43  Siege Tank  
  60  4:46  Barracks  
  60  4:47  SCV  
  60  4:48  SCV, Barracks  
  60  4:50  SCV  
  63  4:54  Refinery  
  63  4:56  Marine x2  
  65  5:03  SCV x2  
  65  5:04  SCV  
  65  5:05  Bunker  
  68  5:07  Supply Depot  
  68  5:17  Bunker  
  68  5:20  Supply Depot  
  68  5:23  Marine x2  
  68  5:24  Starport Reactor  
  68  5:27  Siege Tank  
  73  5:28  SCV x2  
  75  5:39  Barracks Tech Lab  
  74  5:42  Supply Depot  
  74  5:45  Barracks x2  
  74  5:46  Engineering Bay  
  74  5:47  Engineering Bay  
  69  6:00  Orbital Command  
  69  6:01  Siege Tank  
  69  6:03  Stimpack, Combat Shield  
  70  6:05  Medivac x2  
  70  6:07  SCV x2  
  76  6:17  Supply Depot  
  76  6:20  Terran Infantry Armor Level 1, Terran Infantry Weapons Level 1  
  76  6:22  SCV  
  76  6:23  Marine  
  76  6:24  Marine, Marauder x2  
  83  6:30  SCV x2  
  85  6:35  SCV  
  85  6:37  Barracks Reactor, Barracks Tech Lab  
  86  6:41  Medivac  
  88  6:47  SCV x3  
  88  6:53  Marine x2, Marauder x2  
  97  6:55  Supply Depot  
  97  6:59  Factory Reactor  
  97  7:01  SCV x2  
  98  7:05  SCV  
  98  7:06  Starport  
  99  7:09  Supply Depot  
  99  7:11  Marine  
  99  7:12  Marine  
  99  7:13  SCV, Marauder  
  99  7:14  Viking, Marine, Marauder  
  109  7:23  Supply Depot  
  109  7:24  Viking  
  109  7:25  Marine  
  112  7:30  SCV x3  
  112  7:32  Marauder  
  112  7:33  Refinery  
  112  7:34  Refinery, Supply Depot  
  112  7:35  Supply Depot  
  117  7:42  SCV x2, Marine x2, Marauder  
  117  7:43  Marauder  
  125  7:44  Marine x2  
  125  7:46  Concussive Shells  
  127  7:53  SCV  
  127  7:54  SCV, Marauder  
  131  8:08  Supply Depot  
  131  8:10  Supply Depot  
  131  8:13  Supply Depot  
  131  8:14  Supply Depot  
  131  8:18  Marine x4, Marauder x3, Supply Depot  
  141  8:25  Armory  
  141  8:26  Viking x2  
  141  8:27  Viking x2  
  149  8:36  Marine  
  142  8:50  Marine x3, Marauder x3  
  151  8:56  Viking x3  
  148  9:05  Medivac  
  148  9:09  Liberator x2  
  150  9:11  Marauder  
  149  9:22  Marine x3, Marauder  
  149  9:23  Marauder  
  152  9:26  Medivac  
  142  9:33  Marauder  
  142  9:37  Marine  
  138  9:40  Marine x2  
  138  9:41  Barracks  
  138  9:42  Barracks  
  138  9:44  Marauder x2, Barracks